 Dungeon Crawl Stone Soup version 0.28-a0-948-gee6e0bcda6 (webtiles) character file.

Game seed: 8866893215680267295

84 HessuHobo the Grave Robber (level 4, -1/31 HPs)
             Began as a Mummy Necromancer on Nov 30, 2021.
             Slain by a scorpion (5 damage)
             ... on level 5 of the Dungeon.
             The game lasted 00:19:24 (3954 turns).

HessuHobo the Grave Robber (Mummy Necromancer)      Turns: 3954, Time: 00:19:25

Health: -1/31      AC:  5    Str: 12    XL:     4   Next: 24%
Magic:  8/8        EV: 12    Int: 14    God:
Gold:   189        SH:  0    Dex: 12    Spells: 6/8 levels left

rFire   x . .      SeeInvis +   b - +0 whip
rCold   + . .      Faith    .   (no shield)
rNeg    + + +      Spirit   .   d - +0 robe
rPois   ∞          Reflect  .   e - +2 helmet
rElec   .          Harm     .   (no cloak)
rCorr   .          Rampage  .   (no gloves)
Will    .....                   (no boots)
Stlth   ++........              (no amulet)
HPRegen 0.10/turn               l - ring of see invisible
MPRegen 0.11/turn               (no ring)

@: no status effects
A: cold resistance 1, negative energy resistance 3, torment resistance 2, heat
vulnerability 1, no potions
a: no special abilities


You were on level 5 of the Dungeon.
You visited 1 branch of the dungeon, and saw 5 of its levels.

You collected 189 gold pieces.

Inventory:

Hand Weapons
 b - a +0 whip (weapon)
 q - a +0 quarterstaff
Missiles
 c - 78 stones
 f - 15 sling bullets
Armour
 a - a +0 robe
 d - a +0 robe (worn)
 e - a +2 helmet (worn)
 i - a +0 leather armour
Jewellery
 l - a ring of see invisible (left hand)
Wands
 h - a wand of iceblast (8)
Scrolls
 g - 2 scrolls of fear {unknown}
 j - a scroll of fog {unknown}
 k - 4 scrolls of identify {unknown}
 m - a scroll of magic mapping {unknown}
 n - a scroll of teleportation {unknown}
 o - a scroll of silence {unknown}
 p - a scroll of immolation {unknown}


   Skills:
 + Level 0.7 Fighting
 + Level 1.1 Maces & Flails
 + Level 2.0 Dodging
 + Level 1.8 Stealth
 - Level 2.6 Spellcasting
 + Level 5.0 Necromancy


You had 6 spell levels left.
You knew the following spells:

 Your Spells              Type           Power      Damage    Failure   Level
a - Pain                  Necr           64%        1d7       2%          1
b - Animate Skeleton      Necr           32%        N/A       2%          1

Your spell library contained the following spells:

 Spells                   Type           Power      Damage    Failure   Level
 Vampiric Draining        Necr           16%        2d7       9%          3
 Sandblast                Erth           2%         2d4       22%         1
 Animate Dead             Necr           8%         N/A       28%         4
 Passwall                 Tmut/Erth      0%         N/A       32%         2
 Stone Arrow              Conj/Erth      2%         3d7       54%         3
 Agony                    Necr           16%        N/A       61%         5


Dungeon Overview and Level Annotations

Branches:
Dungeon (5/15)
 Temple: D:4-7

Altars:
Elyvilon
Wu Jian
Xom
Zin

Shops:
D:1 (

Annotations:
D:2 Natasha


Innate Abilities, Weirdness & Mutations

You are immune to poison.
Your flesh is cold resistant. (rC+)
You are immune to negative energy. (rN+++)
You are immune to unholy pain and torment.
You are vulnerable to heat. (rF-)
You do not drink.


Message History

k - 4 scrolls labelled KIWKUGH LAMUTT (gained 2)
The ball python bites you but does no damage.
The ball python grabs you. The ball python constricts you.
You escape the ball python's grasp.
Found 6 javelins.
The ball python bites you but does no damage.
The ball python barely misses you.
The ball python bites you but does no damage.
The ball python barely misses you.
There is an escape hatch in the floor here.
The ball python barely misses you. The ball python grabs you.
You stop descending the stairs.
The ball python constricts you.
You escape the ball python's grasp.
The orc closely misses you.
The scorpion stings you but does no damage.
You slide downwards.
The hatch slams shut behind you.
Found 30 arrows, a trident and a scroll labelled CUAJUJ TYOCLER.
Found a stone staircase leading down.
You hit the orc but do no damage. The ball python barely misses you.
The ball python closely misses you. The orc closely misses you.
The scorpion stings you.
The ball python bites you but does no damage.
The ball python closely misses you.
You barely miss the ball python. The scorpion stings you.
The orc hits you with a +0 club. The ball python barely misses you.
The ball python closely misses you. The scorpion closely misses you.
You barely miss the ball python. The orc closely misses you.
The ball python closely misses you. The ball python grabs you.
The ball python constricts you. The scorpion stings you.
You closely miss the ball python. The orc hits you but does no damage.
The ball python barely misses you. The ball python constricts you.
The scorpion completely misses you.
You hit the ball python.
You kill the ball python!
The orc hits you with a +0 club.
* * * LOW HITPOINT WARNING * * *
The scorpion stings you.
* * * LOW HITPOINT WARNING * * *
The orc hits you with a +0 club.
* * * LOW HITPOINT WARNING * * *
The scorpion stings you.
You die...

#
#######.>.
#.o.......
#s@.).....
#..?......
##########
#. ...


You could see a scorpion and an orc.

Vanquished Creatures
  2 worms
  2 dart slugs
  An orc (D:3)
  7 ball pythons
  5 endoplasms
  6 giant cockroaches
  4 goblins
  6 hobgoblins
  9 jackals
  5 kobolds
  3 quokkas
  3 bats
  2 frilled lizards
  A rat (D:1)
56 creatures vanquished.

Vanquished Creatures (collateral kills)
  A dart slug (D:2)
  A goblin (D:2)
  A hobgoblin (D:3)
3 creatures vanquished.

Grand Total: 59 creatures vanquished

Notes
Turn   | Place    | Note
-------+----------+-------------------------------------------
     0 | D:1      | HessuHobo the Mummy Necromancer began the quest for the
                  | Orb.
     0 | D:1      | Reached XP level 1. HP: 13/13 MP: 4/4
   106 | D:1      | Learned a level 1 spell: Animate Skeleton
   313 | D:1      | Reached XP level 2. HP: 17/19 MP: 5/5
   536 | D:1      | Found Biobroll's Antique Weapon Shoppe.
   556 | D:1      | Found a faded altar of an unknown god.
  1312 | D:2      | Noticed Natasha
  1315 | D:2      | Noticed a crimson imp
  1388 | D:2      | Reached XP level 3. HP: 24/24 MP: 7/7
  2677 | D:3      | Reached XP level 4. HP: 24/31 MP: 3/8
  2680 | D:3      | Reached skill level 5 in Necromancy
  2784 | D:3      | Reached skill level 1 in Maces & Flails
  3658 | D:3      | Noticed a necrophage
  3685 | D:4      | Noticed a black bear
  3754 | D:4      | Noticed an ogre
  3766 | D:5      | Entered Level 5 of the Dungeon
  3766 | D:5      | Noticed an ice beast
  3766 | D:5      | Found an ornate altar of the Wu Jian Council.
  3775 | D:5      | Noticed an angel
  3776 | D:5      | Found a shimmering altar of Xom.
  3778 | D:5      | Noticed a centaur
  3931 | D:4      | Noticed a scorpion
  3954 | D:5      | Slain by a scorpion

Illustrated notes

Levels and vault maps discovered:
D:1:      lightli_arrival_flooded_house, layout_rooms, serial_shops,
          nicolae_shop_overgrown_old_shop, serial_co_window_serial,
          co_window_paths_a, co_window_corner_a, co_window_paths_a,
          co_window_corner_a, co_window_paths_a, co_window_broadway_c,
          co_window_broadway_a, co_window_unsneaky_path_d, co_window_corner_b,
          co_window_4corner_b, glass_columns_c, glass_columns_b,
          basic_ecumenical_altar
D:2:      layout_loops_cross, uniq_natasha
D:3:      layout_loops_corners, lemuel_round_altar,
          minmay_randomly_rotated_circles, uniq_pargi
D:4:      layout_basic, mainiacjoe_overflow_concentric_impassable,
          minmay_joined_circles
D:5:      layout_rooms, grunt_temple_overflow_order_and_chaos_1,
          overflow_temple_1_default, lemuel_temple_firewalk_b

Skill      XL: |  1  2  3  4 |
---------------+-------------+-----
Dodging        | 2 |  2.0
Necromancy     | 5 |  5.0
Maces & Flails | 1 |  1.1
Fighting       | |  0.7
Stealth        | |  1.8
Spellcasting   | |  2.6

Action                   |  1- 3 |  4- 6 || total
-------------------------+-------+-------++-------
Melee: Whip              |   140 |    49 ||   189
 Cast: Pain              |    32 |     4 ||    36
       Animate Skeleton  |    15 |     3 ||    18
  Use: Scroll            |     2 |       ||     2
 Stab: Sleeping          |     4 |       ||     4
Armor: Robe              |    61 |    28 ||    89
Dodge: Dodged            |   113 |    49 ||   162

Table legend: (Time is in decaauts)
 A = Elapsed time spent in this place.
 B = Non-inter-level travel time spent in this place.
 C = Inter-level travel time spent in this place.
 D = Time resting spent in this place.
 E = Time spent auto-exploring this place.
 F = Levels seen in this place.
 G = Mean time per level.
                   A        B        C        D        E       F      G
               +--------+--------+--------+--------+--------+-----+--------+
         Total |   3971 |   3927 |     44 |   1157 |   1482 |   5 |  794.2 |
       Dungeon |   3971 |   3927 |     44 |   1157 |   1482 |   5 |  794.2 |
               +--------+--------+--------+--------+--------+-----+--------+

Top non-repeatable levels by time:
     D:1: 1635 daAuts
     D:3: 1347 daAuts
     D:2: 713 daAuts
     D:4: 248 daAuts
     D:5: 26 daAuts
